Map: [ESL] Alcyone

Players

Rodzyn

  • Race: Protoss Protoss
  • Spawn Location: 1:00

NightPhoenix - Winner!

  • Race: Protoss Protoss
  • Spawn Location: 7:00

Event: ESL SC2 Masters 2024 Spring (Regional)

VOD

Have the link to the VOD?

Description

Time

  • Played on: April 13, 2024, 12:32 p.m.
  • Length: 7:29

All games in this series

Show
View Real Time Build Order
Export as new Build Order

Rodzyn Protoss 

Build Orders:  

Get SALT Encoding   

  12  0:00  Probe  
  13  0:12  Probe  
  14  0:17  Pylon  
  14  0:24  Probe (Chrono Boost)  
  15  0:36  Probe (Chrono Boost)  
  15  0:37  Gateway  
  16  0:44  Probe (Chrono Boost)  
  16  0:46  Assimilator  
  17  0:51  Probe  
  17  0:54  Assimilator  
  18  1:03  Probe (Chrono Boost)  
  19  1:08  Gateway  
  19  1:12  Probe (Chrono Boost)  
  19  1:17  Probe (Chrono Boost)  
  20  1:25  Cybernetics Core  
  21  1:29  Probe  
  22  1:36  Pylon  
  22  1:41  Probe  
  23  1:57  Probe  
  24  2:02  Stalker  
  24  2:03  Sentry  
  24  2:07  Warp Gate  
  28  2:25  Pylon  
  28  2:28  Sentry  
  30  2:41  Nexus  
  30  2:44  Probe (Chrono Boost)  
  30  2:54  Sentry  
  30  2:55  Stalker  
  30  2:56  Probe (Chrono Boost)  
  35  3:02  Probe (Chrono Boost)  
  36  3:08  Pylon  
  36  3:15  Probe  
  37  3:23  Pylon  
  37  3:26  Twilight Council  
  37  3:27  Probe  
  37  3:33  Shield Battery  
  38  3:39  Probe  
  39  3:44  Shield Battery  
  39  3:51  Probe  
  39  3:55  Stalker x2  
  40  4:04  Probe (Chrono Boost)  
  40  4:06  Blink (Chrono Boost), Probe (Chrono Boost)  
  42  4:15  Probe (Chrono Boost)  
  43  4:20  Stalker  
  43  4:21  Probe (Chrono Boost)  
  46  4:24  Probe  
  46  4:31  Stalker  
  49  4:35  Shield Battery  
  49  4:50  Stalker  
  44  5:00  Probe  
  35  5:07  Probe  
  35  5:10  Stalker  
  35  5:12  Probe  
  39  5:16  Stalker  
  40  5:22  Probe (Chrono Boost)  
  40  5:25  Probe (Chrono Boost)  
  37  5:34  Stalker  
  37  5:35  Robotics Facility, Probe (Chrono Boost)  
  41  5:36  Probe (Chrono Boost)  
  41  5:39  Probe (Chrono Boost)  
  41  5:40  Stalker  
  44  5:43  Probe, Shield Battery  
  43  5:51  Probe  
  43  5:55  Probe  
  45  5:58  Stalker  
  45  6:00  Shield Battery  
  45  6:03  Pylon  
  47  6:04  Stalker  
  47  6:06  Probe  
  47  6:08  Probe  
  51  6:24  Stalker  
  51  6:25  Immortal (Chrono Boost)  
  55  6:33  Stalker  
  55  6:35  Probe  
  55  6:39  Probe  
  59  6:47  Probe  
  59  6:49  Assimilator  
  59  6:51  Probe  
  65  6:59  Probe  
  53  7:18  Stalker  
Show
View Real Time Build Order
Export as new Build Order

NightPhoenix Protoss - Winner!

Build Orders: Oracle Opening 

Get SALT Encoding   

  12  0:00  Probe  
  13  0:12  Probe  
  14  0:17  Pylon  
  14  0:24  Probe  
  15  0:36  Probe (Chrono Boost), Gateway  
  16  0:46  Assimilator, Probe (Chrono Boost)  
  17  0:51  Probe (Chrono Boost)  
  17  0:54  Assimilator  
  18  1:03  Probe (Chrono Boost)  
  19  1:07  Gateway  
  19  1:13  Probe (Chrono Boost)  
  19  1:17  Probe (Chrono Boost)  
  20  1:23  Cybernetics Core  
  21  1:29  Probe  
  22  1:33  Pylon  
  22  1:41  Probe  
  23  1:54  Probe  
  24  2:00  Warp Gate, Stalker x2  
  28  2:06  Probe  
  29  2:13  Pylon  
  29  2:20  Stargate  
  29  2:34  Stalker  
  31  2:39  Stalker  
  33  3:02  Nexus  
  33  3:08  Oracle (Chrono Boost)  
  35  3:23  Pylon  
  35  3:27  Probe  
  36  3:35  Oracle (Chrono Boost)  
  39  3:42  Probe  
  40  3:54  Probe  
  41  4:05  Stalker x2  
  41  4:06  Probe  
  46  4:12  Twilight Council  
  46  4:17  Gateway  
  46  4:18  Probe (Chrono Boost)  
  46  4:21  Probe (Chrono Boost)  
  48  4:29  Probe (Chrono Boost)  
  48  4:30  Probe (Chrono Boost)  
  50  4:34  Probe (Chrono Boost)  
  50  4:35  Probe (Chrono Boost)  
  52  4:45  Probe  
  53  4:54  Probe  
  50  5:02  Probe  
  50  5:05  Blink (Chrono Boost)  
  50  5:07  Probe  
  50  5:09  Stalker x2  
  50  5:12  Assimilator  
  54  5:14  Probe  
  54  5:15  Pylon  
  54  5:19  Probe  
  56  5:26  Probe  
  57  5:31  Probe  
  57  5:35  Stalker x3, Gateway  
  58  5:41  Gateway  
  58  5:42  Gateway  
  64  5:45  Probe  
  65  5:53  Probe  
  64  6:00  Stalker x3  
  70  6:05  Assimilator  
  70  6:29  Pylon  
  70  6:31  Pylon  
  70  6:32  Nexus  
  70  6:36  Robotics Facility  
  70  6:38  Pylon  
  70  6:48  Stalker x4  
  70  6:50  Stalker  
  70  6:54  Stalker  
  78  7:17  Stalker x2  
  78  7:18  Stalker x3  
Tags
 
Add a new tag
Caveats
  • Supply blocks, unpowered buildings, or Contaminate may cause inaccurate times.
  • Supply counts are checked every 10 seconds.